 Dungeon Crawl Stone Soup version 0.21-a0-552-g593960d (webtiles) character file.

114 M4edhros the Sneak (level 4, -1/28 HPs)
             Began as an Octopode Artificer on Dec 18, 2017.
             Killed themself with a badly aimed iceblast (21 damage)
             ... on level 3 of the Dungeon.
             The game lasted 00:02:53 (1778 turns).

M4edhros the Sneak (Octopode Artificer)             Turns: 1778, Time: 00:02:54

Health: -1/28      AC:  1    Str: 11    XL:     4   Next: 98%
Magic:  6/6        EV: 12    Int: 13    God:
Gold:   62         SH:  3    Dex: 13    Spells: 3/3 levels left

rFire    . . .     SeeInvis .   m - +0 dagger (curse)
rCold    . . .     Gourm    .   h - +0 buckler
rNeg     . . .     Faith    .   (helmet restricted)
rPois    .         Spirit   .   (no amulet)
rElec    .         Reflect  .   l - ring of stealth
rCorr    .         Harm     .   (no ring)
MR       .....                  (no ring)
Stlth    +++++.....             (no ring)
HPRegen  0.09/turn              (no ring)
MPRegen  0.10/turn              (no ring)
                                (no ring)
                                (no ring)

@: no status effects
A: almost no armour, stealthy swim, amphibious, 8 rings, constrict 8, camouflage
1, gelatinous body 1
a: no special abilities


You were on level 3 of the Dungeon.
You were hungry.

You visited 1 branch of the dungeon, and saw 3 of its levels.

You collected 62 gold pieces.

Inventory:

Hand Weapons
 a - a +0 short sword
 m - a cursed +0 dagger (weapon)
Missiles
 g - 105 stones (quivered)
Armour
 h - a +0 buckler (worn)
Jewellery
 l - a ring of stealth (left tentacle)
Wands
 b - a wand of flame (4)
 c - a wand of enslavement (15)
 d - a wand of random effects (14)
Scrolls
 e - 2 scrolls of teleportation {unknown}
 n - a scroll of identify {unknown}
Potions
 i - 3 potions of mutation {unknown}
Comestibles
 f - 2 bread rations
 j - 2 royal jellies
 k - a meat ration
 o - 4 fruits


   Skills:
 - Level 1.0 Fighting
 - Level 1.0 Short Blades
 - Level 2.0 Dodging
 + Level 6.7 Stealth
 - Level 3.2 Evocations


You had 3 spell levels left.
You didn't know any spells.

Dungeon Overview and Level Annotations

Branches:
Dungeon (3/15)

Altars:

Annotations:
D:3 Grinder


Innate Abilities, Weirdness & Mutations

You cannot wear most types of armour.
You are very stealthy in the water. (Stealth+)
You are amphibious.
You can wear up to eight rings at the same time.
You can use your tentacles to constrict eight enemies at once.
Your skin changes colour to match your surroundings (Stealth+).
Your rubbery body absorbs attacks. (AC +1, EV +1)


Message History

No target in view!
Grinder is too close now for your liking.
Grinder is nearby!
You see here a helmet.
Grinder is nearby!
You closely miss Grinder. You grab Grinder.
You constrict Grinder, but do no damage.
Grinder gestures at you. Pain shoots through your body!
Grinder is nearby!
Evoke which item? (* to show all) (? for menu, Esc to quit)
Aiming: Random Effects
Press: ? - help, Shift-Dir - straight line, f - Grinder
Aim: Grinder (constricted by you)
The mass of ice explodes!
The iceblast engulfs Grinder.
Grinder partially resists.
Grinder is moderately wounded.
The iceblast engulfs you!
Ouch! That really hurt!
You die...

#################### ###
#..................# #..
#.#.......########)####.#
#.#.#####.##......#.).#.#
#.#.# #[#...####.##.#.##
#.#.# #..........##....##
#.#.#######.<.####.##.....##
#.#.#.......#..5@..........#
.....l...##...###..##......#
.........###.## #..##....#.#
###......# #.####..##.#.##.#
#.#...## #..........#.##.#
...###.#
######..####.##.###.# ..###
#.# #...###........# .# #.#
#.......######.# # #.#
#...#.#.#


You could see Grinder.

Vanquished Creatures
  Jessica (D:3)
  A worker ant (D:2)
  Robin (D:1)
  An adder (D:2)
  A leopard gecko (D:2)
  3 giant cockroaches (D:2)
  5 hobgoblins
  7 jackals
  3 kobolds
  2 bats
  2 frilled lizards
  10 goblins
  4 rats
41 creatures vanquished.

Notes
Turn   | Place    | Note
-------+----------+-------------------------------------------
     0 | D:1      | M4edhros the Octopode Artificer began the quest for the Orb.
     0 | D:1      | Reached XP level 1. HP: 13/13 MP: 3/3
    74 | D:1      | Reached skill level 2 in Stealth
    94 | D:1      | Reached XP level 2. HP: 5/18 MP: 4/4
   334 | D:2      | Reached skill level 3 in Stealth
   341 | D:2      | Noticed Robin
   623 | D:1      | Reached skill level 4 in Stealth
   861 | D:1      | Reached XP level 3. HP: 23/23 MP: 5/5
   875 | D:1      | Killed Robin
  1096 | D:2      | Reached skill level 5 in Stealth
  1102 | D:2      | Reached XP level 4. HP: 11/28 MP: 6/6
  1419 | D:2      | Reached skill level 6 in Stealth
  1706 | D:3      | Noticed Grinder
  1708 | D:3      | Paralysed by Grinder for 5 turns
  1734 | D:3      | Noticed Jessica
  1744 | D:3      | Killed Jessica
  1778 | D:3      | Killed themself with a badly aimed iceblast

Vault maps used:
D:1:      dpeg_arrival_rooms_with_view
D:2:      minmay_wonky_spiral, lemuel_doored_altar, uniq_robin
D:3:      minmay_roachtagon, first_bread, uniq_jessica, uniq_grinder

Skill      XL: |  1  2  3  4 |
---------------+-------------+-----
Stealth        | 2 4 5 6 |  6.7
Fighting       | |  1.0
Short Blades   | |  1.0
Dodging        | |  2.0
Evocations     | |  3.2

Action                   |  1- 3 |  4- 6 || total
-------------------------+-------+-------++-------
Melee: Short sword       |    62 |    18 ||    80
       Constrict         |    21 |     9 ||    30
       Tentacles         |    17 |     3 ||    20
       Dagger            |       |    14 ||    14
Evoke: Wand              |     8 |     4 ||    12
 Stab: Sleeping          |       |     2 ||     2
  Eat: Chunk             |       |     2 ||     2
Armor: Skin              |     4 |     6 ||    10
Dodge: Dodged            |    45 |    20 ||    65
Block: Buckler           |       |     1 ||     1

Table legend:
 A = Spawn XP
 B = Non-spawn XP
 C = Spawn XP percentage of total XP
 D = Spawn monster count
 E = Non-spawn monster count
 F = Spawn count percentage of total count
 G = Total turns spent on level
                    A         B        C        D         E        F      G
               +---------+---------+-------+---------+---------+-------+---------
         Total |       0 |     164 |   0.0 |       0 |      41 |   0.0 |  1778
               +---------+---------+-------+---------+---------+-------+---------
           D:1 |       0 |      37 |   0.0 |       0 |      14 |   0.0 |  1203
           D:2 |       0 |      83 |   0.0 |       0 |      21 |   0.0 |   466
           D:3 |       0 |      44 |   0.0 |       0 |       6 |   0.0 |   109
               +---------+---------+-------+---------+---------+-------+---------
